Map: Rovine di Endion

Players

Airmax

  • Race: Terran Terran
  • League: Master

I.A. 1 (Molto facile) - Winner!

  • Race: Protoss Protoss

VOD

Have the link to the VOD?

Description

Time

  • Played on: April 16, 2016, 10:35 a.m.
  • Length: 6:50
Show
View Real Time Build Order
Export as new Build Order

Airmax Terran 

Build Orders: Reaper Expand 

Get SALT Encoding   

  12  0:01  SCV  
  13  0:13  SCV  
  14  0:17  Supply Depot  
  14  0:25  SCV  
  15  0:39  Barracks, SCV  
  16  0:45  Refinery  
  16  0:51  SCV  
  17  1:03  SCV  
  18  1:15  SCV  
  19  1:28  Orbital Command, Reaper  
  20  1:42  Command Center  
  20  1:50  Supply Depot  
  20  1:54  SCV  
  20  2:00  Barracks Reactor  
  21  2:06  SCV  
  22  2:12  Barracks  
  22  2:18  SCV  
  23  2:24  Factory  
  23  2:28  Refinery  
  23  2:30  SCV  
  23  2:36  Marine  
  25  2:37  Marine  
  25  2:43  SCV  
  27  2:54  Marine  
  27  2:55  Marine, SCV  
  27  2:56  Orbital Command  
  30  3:07  SCV  
  30  3:08  Starport  
  30  3:12  Barracks Tech Lab  
  31  3:19  Widow Mine, SCV  
  34  3:20  Widow Mine  
  34  3:23  SCV  
  37  3:30  Supply Depot  
  37  3:31  SCV  
  38  3:35  SCV  
  38  3:37  Stimpack  
  39  3:43  SCV  
  39  3:45  Marine  
  39  3:47  Medivac  
  43  3:49  SCV  
  43  3:53  Widow Mine  
  43  3:54  Supply Depot  
  46  3:55  Widow Mine  
  46  3:57  SCV  
  46  3:59  Marine  
  50  4:03  SCV  
  50  4:06  Supply Depot  
  50  4:07  Marine  
  50  4:09  SCV  
  53  4:15  SCV  
  54  4:17  Viking  
  54  4:22  SCV  
  54  4:23  Marauder  
  59  4:29  SCV  
  59  4:31  Factory Reactor  
  60  4:33  Marine x2  
  60  4:34  SCV  
  63  4:38  Supply Depot  
  63  4:41  SCV  
  64  4:46  SCV  
  64  4:47  Command Center  
  65  4:53  SCV  
  65  4:54  Marauder, Marine x2  
  65  4:56  Starport Reactor  
  70  5:04  SCV  
  70  5:05  Engineering Bay, SCV  
  70  5:06  Refinery  
  72  5:07  Engineering Bay  
  72  5:12  Refinery  
  72  5:14  Supply Depot  
  72  5:15  Marine  
  72  5:16  Marine, SCV  
  72  5:17  Marauder  
  72  5:20  SCV  
  78  5:25  Supply Depot  
  78  5:35  Widow Mine x2  
  78  5:36  SCV x2  
  78  5:39  Marine x2  
  86  5:46  Marine  
  86  5:47  Medivac  
  86  5:49  SCV x2  
  91  5:52  Medivac  
  93  5:58  Marine x2  
  93  5:59  Orbital Command  
  93  6:01  SCV x2  
  97  6:07  Widow Mine x2  
  101  6:13  Supply Depot, SCV x2  
  101  6:14  Supply Depot  
  103  6:20  Marine x2  
  103  6:21  Marauder  
  103  6:25  SCV x2  
  109  6:37  Supply Depot x2, SCV x2  
Show
View Real Time Build Order
Export as new Build Order

I.A. 1 (Molto facile) Protoss - Winner!

Build Orders:  

Get SALT Encoding   

  12  0:01  Probe (Chrono Boost)  
  13  0:11  Probe (Chrono Boost)  
  14  0:20  Pylon  
  14  0:36  Assimilator  
  14  0:42  Gateway  
  14  0:45  Pylon  
  14  1:15  Assimilator  
  14  1:21  Probe (Chrono Boost)  
  15  1:31  Cybernetics Core  
  15  1:32  Probe (Chrono Boost)  
  16  1:42  Probe (Chrono Boost)  
  17  1:53  Probe (Chrono Boost)  
  18  1:54  Warp Gate  
  18  2:04  Probe (Chrono Boost)  
  18  2:06  Stalker  
  22  2:15  Probe (Chrono Boost)  
  22  4:54  Probe (Chrono Boost)  
  11  5:05  Probe (Chrono Boost)  
  12  5:15  Probe (Chrono Boost)  
  13  5:26  Probe (Chrono Boost)  
  7  5:37  Probe (Chrono Boost)  
  7  5:39  Zealot  
  10  5:49  Probe (Chrono Boost)  
  6  5:59  Probe (Chrono Boost)  
  6  6:02  Pylon  
  7  6:08  Robotics Facility  
  7  6:10  Probe (Chrono Boost)  
  8  6:20  Probe (Chrono Boost)  
  3  6:32  Zealot, Probe (Chrono Boost)  
Tags
 
Add a new tag
Caveats
  • Supply blocks, unpowered buildings, or Contaminate may cause inaccurate times.
  • Supply counts are checked every 10 seconds.